 Dungeon Crawl Stone Soup version 0.29.1-13-g9f3cf754e1 (webtiles) character file.

Game seed: 9654974087346371646

7674 CungeonDrawl the Destroyer (level 10, -15/77 HPs)
             Began as a Demonspawn Fire Elementalist on Jan 24, 2023.
             Was an Initiate of Gozag.
             Killed from afar by a gargoyle (28 damage)
             ... with a stone arrow
             ... on level 8 of the Dungeon.
             The game lasted 01:40:57 (16025 turns).

CungeonDrawl the Destroyer (DsFE)                  Turns: 16025, Time: 01:40:58

Health: -15/77     AC:  9    Str:  8    XL:     10   Next: 99%
Magic:  9/23       EV: 11    Int: 22    God:    Gozag
Gold:   1584       SH:  0    Dex: 13    Spells: 19/28 levels left

rFire   + . .      SeeInvis .   s - +2 whip (venom)
rCold   . . .      Faith    .   (no shield)
rNeg    . . .      Spirit   .   I - +0 leather armour {rF+}
rPois   +          Reflect  .   (helmet restricted)
rElec   +          Harm     .   A - +0 cloak
rCorr   .          Rampage  .   M - +0 pair of gloves
Will    +....                   (no boots)
Stlth   ++........              (no amulet)
HPRegen 0.22/turn               h - ring of poison resistance
MPRegen 0.18/turn               l - ring of willpower

@: no status effects
A: antennae 2, thin metallic scales 3, powered by death 1
a: Renounce Religion, Potion Petition, Call Merchant, Bribe Branch


You were on level 8 of the Dungeon.
You worshipped Gozag.
Gozag was most pleased with you.
You visited 2 branches of the dungeon, and saw 9 of its levels.
You also visited: Ossuary.

You collected 1657 gold pieces.
You paid 73 gold pieces to Gozag.

Inventory:

Hand Weapons
 s - a +2 whip of venom (weapon)
Missiles
 d - 5 javelins
 o - 5 curare-tipped darts
 L - 19 poisoned darts
Armour
 A - a +0 cloak (worn)
 I - a +0 leather armour of fire resistance (worn)
 M - a +0 pair of gloves (worn)
Magical Staves
 v - a staff of death
 y - a staff of cold
Jewellery
 h - a ring of poison resistance (left hand)
 l - a ring of willpower (right hand)
 O - a ring of flight
Wands
 e - a wand of digging (4)
 p - a wand of flame (6)
Scrolls
 a - a scroll of enchant weapon
 c - 2 scrolls of poison
 f - 2 scrolls of fear
 g - a scroll of teleportation
 i - a scroll of blinking
 k - 2 scrolls of amnesia
 n - a scroll of noise
 q - a scroll of brand weapon
 r - a scroll of fog {unknown}
 u - 2 scrolls of vulnerability
 x - 2 scrolls of magic mapping {unknown}
 C - a scroll of summoning {unknown}
 J - a scroll of enchant armour {unknown}
 K - a scroll of torment {unknown}
Potions
 b - 2 potions of magic
 j - 6 potions of berserk rage
 m - 7 potions of curing
 t - a potion of haste
 w - a potion of cancellation
 B - a potion of attraction
 D - a potion of invisibility {unknown}
 E - 2 potions of lignification {unknown}
 F - 3 potions of brilliance
 G - a potion of ambrosia {unknown}
 H - 3 potions of degeneration {unknown}
 N - a potion of resistance {unknown}


   Skills:
 * Level 6.6 Fighting
 - Level 4.0 Armour
 - Level 1.8 Dodging
 - Level 1.8 Stealth
 - Level 9.6 Spellcasting
 - Level 9.9 Conjurations
 - Level 5.0 Fire Magic


You had 19 spell levels left.
You knew the following spells:

 Your Spells              Type           Power      Damage    Failure   Level
a - Foxfire               Conj/Fire      100%       2x1d9     1%          1
b - Scorch                Fire           66%        2d8       1%          2
c - Conjure Flame         Conj/Fire      43%        6-21      1%          3
d - Stone Arrow           Conj/Erth      64%        3d11      3%          3

Your spell library contained the following spells:

 Spells                   Type           Power      Damage    Failure   Level
 Flame Wave               Conj/Fire      43%        2d11      4%          4
 Apportation              Tloc           20%        N/A       9%          1
 Beastly Appendage        Tmut           20%        N/A       9%          1
 Necrotise                Necr           40%        1d6       9%          1
 Sandblast                Erth           20%        2d7       9%          1
 Summon Small Mammal      Summ           40%        N/A       9%          1
 Inner Flame              Hex/Fire       21%        N/A       10%         3
 Passwall                 Tmut/Erth      8%         N/A       14%         2
 Wereblood                Tmut           10%        N/A       14%         2
 Ozocubu's Armour         Ice            10%        N/A       26%         3
 Spider Form              Tmut/Pois      10%        N/A       26%         3
 Metabolic Englaciation   Hex/Ice        5%         N/A       94%         5
 Simulacrum               Ice/Necr       Unusable   N/A       N/A         6

Dungeon Overview and Level Annotations

Branches:
Dungeon (8/15)             Temple (1/1) D:4            Lair (0/5) D:8
Ossuary (visited)

Altars:
Ashenzari
Cheibriados
Dithmenos
Fedhas
Gozag
Kikubaaqudgha
Makhleb
Qazlal
Ru
Trog
Uskayaw
Vehumet
Wu Jian
Xom
Yredelemnul

Shops:
D:3 (

Annotations:
D:4 Edmund
D:5 Eustachio, Grinder


Innate Abilities, Weirdness & Mutations

You have a pair of antennae on your head.
You are completely covered in thin metallic scales. (AC +4, rElec)
You regenerate a little health from kills.


Message History

Flames lash the gargoyle but do no damage.
The gargoyle hits you with a +5 quarterstaff!
* * * LOW HITPOINT WARNING * * *
The gargoyle attacks as you move away!
The gargoyle hits you with a +5 quarterstaff!
* * * LOW HITPOINT WARNING * * *
Blink to where?
Press: ? - help, Dir - move target
As you read the scroll of blinking, it crumbles to dust.
Things that are here:
a +0 arbalest; a +0 robe The gargoyle is no longer more vulnerable to fire.
You see here a +0 robe.
Press: ? - help, v - describe, . - travel
Here: a gargoyle, wielding a +5 quarterstaff (almost destroyed)
The floor.
Unknown command.
You are too injured to fight recklessly!
Casting: Scorch (safe; 1% risk of failure)
Confirm with . or Enter, or press ? or * to list all spells.
You conjure some foxfire!
Press: ? - help, v - describe, . - travel
Here: a gargoyle, wielding a +5 quarterstaff (almost destroyed, ally target)
The floor.
The foxfire hits the gargoyle but does no damage.
The gargoyle is almost destroyed.
Okay, then.
Aiming: Throw Flame
Press: ? - help, Shift-Dir - straight line, f - gargoyle
Aim: a gargoyle, wielding a +5 quarterstaff (almost destroyed, 85% to hit)
The puff of flame hits the gargoyle but does no damage.
The gargoyle is almost destroyed.
You are too injured to fight recklessly!
Casting: Foxfire (safe; 1% risk of failure)
Confirm with . or Enter, or press ? or * to list all spells.
Flames lash the gargoyle but do no damage.
The gargoyle hurls a stone arrow at you.
The stone arrow hits you!!
You die...
Your body crumbles into a pile of gold.

#.# #......... ##.## ###
#......... #>..# #.########
#......... #.#.## #........##
#......§.. #.#..##
######....######.........
..##..## ##.§......##.##.####
#..##..## ###..#.####..).##.#
#..###..####...##)[#......##.##
#.......##...##.@..9....#.##..#
#.####.....#...#################
...####...##.##8##[#.#_#.#.#.#.##
......#......#####'#'#'#'#'#'#.#.
...##.......#...'............#...
.####..#....#.####'#'#'#'#'#'#.##
..####...>#...#8##.#.#)#.#.#.#.#
...# ###.......###############.##
...# ###..#...# #...##....


You could see a gargoyle.

Vanquished Creatures
  2 hydras (D:7)
  A two-headed ogre (D:7)
  Amaemon (D:7)
  A cyclops (D:7)
  An orange demon (D:8)
  An unseen horror zombie (D:8)
  Sigmund (D:8)
  A wraith (D:7)
  A steam dragon (D:7)
  4 water moccasins
  3 orc warriors (D:6)
  An ice beast (D:6)
  5 sky beasts
  An ogre (D:6)
  3 centaurs
  A phantom (D:7)
  Blork the orc (D:5)
  A kobold brigand (D:8)
  2 bullfrogs
  A gnoll sergeant (D:5)
  3 scorpions
  4 necrophages
  5 wights (D:8)
  4 howler monkeys
  4 centaur zombies (D:8)
  A human zombie (D:8)
  2 jellies (D:7)
  4 orc priests
  4 hounds
  6 iguanas
  4 orc wizards
  9 mummies
  A howler monkey zombie (D:8)
  4 gnolls
  10 adders
  2 shadow imps
  5 white imps
  An ufetubus (D:6)
  3 worms
  3 dart slugs (D:1)
  22 orcs
  7 ball pythons
  9 endoplasms
  3 giant cockroaches
  11 goblins
  6 hobgoblins
  11 kobolds
  3 quokkas
  4 bats
  10 frilled lizards
  A gnoll zombie (Ossuary)
  4 hobgoblin zombies (Ossuary)
  3 kobold zombies (Ossuary)
  A rat (D:3)
207 creatures vanquished.

Vanquished Creatures (collateral kills)
  3 foxfires (D:1)
3 creatures vanquished.

Vanquished Creatures (others)
  624 foxfires
624 creatures vanquished.

Grand Total: 834 creatures vanquished

Notes
Turn   | Place    | Note
-------+----------+-------------------------------------------
     0 | D:1      | CungeonDrawl the Demonspawn Fire Elementalist began the
                  | quest for the Orb.
     0 | D:1      | Reached XP level 1. HP: 13/13 MP: 3/3
   664 | D:1      | Gained mutation: You regenerate a little health from kills.
                  | [demonic ancestry]
   664 | D:1      | Reached XP level 2. HP: 12/19 MP: 0/5
   822 | D:1      | Found a faded altar of an unknown god.
  1537 | D:1      | Learned a level 2 spell: Scorch
  1577 | D:1      | Gained mutation: You have a pair of small antennae on your
                  | head. [demonic ancestry]
  1577 | D:1      | Reached XP level 3. HP: 24/24 MP: 5/7
  2259 | D:2      | Reached XP level 4. HP: 30/30 MP: 6/8
  2919 | D:2      | Gained mutation: You have a pair of antennae on your head.
                  | [demonic ancestry]
  2919 | D:2      | Reached XP level 5. HP: 35/35 MP: 2/10
  4288 | D:3      | Found Ymoff's Antique Weapon Boutique.
  4380 | D:4      | Noticed Edmund
  5013 | D:4      | Found a staircase to the Ecumenical Temple.
  5019 | Temple   | Entered the Ecumenical Temple
  5043 | Temple   | Became a worshipper of Gozag Ym Sagoz the Greedy
  5264 | D:4      | Gained mutation: You are partially covered in thin metallic
                  | scales. (AC +2) [demonic ancestry]
  5264 | D:4      | Reached XP level 6. HP: 41/41 MP: 4/12
  5977 | D:5      | Entered Level 5 of the Dungeon
  6040 | D:5      | Noticed Eustachio
  7113 | D:5      | Noticed Blork the orc
  7401 | D:5      | Reached skill level 5 in Fire Magic
  7401 | D:5      | Reached XP level 7. HP: 46/46 MP: 6/14
  7461 | D:5      | Killed Blork the orc
  7500 | D:5      | Reached skill level 5 in Spellcasting
  7586 | D:5      | Found a blossoming altar of Fedhas.
  7789 | D:5      | Noticed Grinder
  8243 | D:6      | Found a sand-covered staircase.
  8248 | Ossuary  | Entered an ossuary
  9014 | D:5      | Reached XP level 8. HP: 52/52 MP: 11/16
  9238 | D:6      | Reached skill level 5 in Conjurations
  9242 | D:6      | Learned a level 3 spell: Conjure Flame
  9919 | D:6      | Learned a level 3 spell: Stone Arrow
 10066 | D:7      | Reached skill level 1 in Armour
 10184 | D:7      | Noticed a skeletal warrior
 10254 | D:7      | Identified the +1 falchion "Juipseh" {holy, rElec Str+3
                  | Dex+5}
 10509 | D:6      | Gained mutation: You are mostly covered in thin metallic
                  | scales. (AC +3) [demonic ancestry]
 10509 | D:6      | Reached XP level 9. HP: 50/57 MP: 13/20
 10685 | D:7      | Noticed a four-headed hydra
 11170 | D:7      | Noticed a two-headed ogre
 11658 | D:7      | Killed a four-headed hydra
 11819 | D:7      | Noticed an eight-headed hydra
 11834 | D:7      | Killed an eight-headed hydra
 11835 | D:7      | Gained mutation: You are completely covered in thin
                  | metallic scales. (AC +4, rElec) [demonic ancestry]
 11835 | D:7      | Reached XP level 10. HP: 63/63 MP: 1/22
 11999 | D:7      | Noticed a cyclops
 12013 | D:7      | Killed a cyclops
 12014 | D:7      | Killed a two-headed ogre
 13122 | D:8      | Noticed Sigmund
 13258 | D:8      | Reached skill level 1 in Fighting
 13258 | D:8      | Noticed an orange demon
 13266 | D:8      | Killed an orange demon
 13308 | D:8      | Noticed Amaemon
 13679 | D:8      | Killed Sigmund
 13996 | D:8      | Reached skill level 5 in Fighting
 14289 | D:8      | Found a staircase to the Lair.
 15444 | D:7      | Killed Amaemon
 15739 | D:8      | Found a basalt altar of Yredelemnul.
 15991 | D:8      | Found a faded altar of an unknown god.
 15992 | D:8      | Noticed a gargoyle
 16025 | D:8      | Killed from afar by a gargoyle

Illustrated notes

Levels and vault maps discovered:
D:1:      amcnicky_arrival_blooded_trapdoor, layout_rooms,
          hellmonk_ecumenical_altar_inner_sanctum, serial_bayou_lake_a
D:2:      cheibrodos_pilgrimage, layout_basic
D:3:      layout_loops_ring, serial_shops, shop_statue
D:4:      layout_loops_cross, temple_green, serial_co_window_serial,
          co_window_paths_b, co_window_paths_b, co_window_corner_a,
          co_window_corner_a, co_window_of_opportunity_a, co_window_paths_a,
          co_window_paths_c, co_window_of_opportunity_b, co_window_2corner,
          co_window_broadway_a, co_window_4corner_b, co_window_4corner_a,
          glass_columns_a, minmay_misc_feat_x, uniq_edmund
D:5:      cheibrodos_two_vegetables, layout_basic,
          fedhas_bush_and_centaur_altar, mainiacjoe_overflow_divided_tiny,
          serial_glass, glass_columns_b, glass_columns_a,
          minmay_strange_pillars, item_on_display_a, uniq_eustachio,
          uniq_grinder, uniq_blork_the_orc
D:6:      layout_basic, nicolae_ossuary_entry_plus, minmay_misc_feat_encased
D:7:      nzn_winding_woodlands_cross [nzn_winding_woodlands_5x15_longhouse,
          nzn_winding_woodlands_5x15_split_checker,
          nzn_winding_woodlands_5x15_eye, nzn_winding_woodlands_5x15_sawtooth,
          nzn_winding_woodlands_15x15_thick_spiral], layout_loops_cross
D:8:      layout_rooms, lemuel_mausoleum_altar_yredelemnul,
          beargit_hepliaklqana_dungeon_heroes, lair_entry_dummy, sigmund_army,
          uniq_amaemon
Temple:   nicolae_temple_superstar

Skill      XL: |  1  2  3  4  5  6  7  8  9 10 |
---------------+-------------------------------+-----
Fire Magic     | 3 4 5 |  5.0
Spellcasting   | 3 4 5 7 8 9 |  9.6
Conjurations   | 2 3 4 6 9 |  9.9
Armour         | 2 4 |  4.0
Fighting       | 6 |  6.6
Dodging        | |  1.8
Stealth        | |  1.8

Action                   |  1- 3 |  4- 6 |  7- 9 | 10-12 || total
-------------------------+-------+-------+-------+-------++-------
Melee: Unarmed           |     3 |       |       |       ||     3
       Spear             |    15 |    21 |       |       ||    36
       Whip              |       |       |     3 |       ||     3
Throw: Dart              |       |     2 |     3 |     2 ||     7
       Javelin           |       |       |     6 |       ||     6
 Cast: Foxfire           |    61 |    94 |   117 |   115 ||   387
       Scorch            |     9 |    52 |    96 |    76 ||   233
       Conjure Flame     |       |       |     2 |    15 ||    17
       Stone Arrow       |       |       |       |     4 ||     4
Evoke: Wand              |       |     2 |     5 |     1 ||     8
  Use: Scroll            |       |     8 |     7 |     3 ||    18
       Potion            |       |       |       |     1 ||     1
 Stab: Sleeping          |       |     1 |       |       ||     1
Armor: Robe              |     6 |     3 |       |       ||     9
       Leather armour    |       |       |    12 |    30 ||    42
Dodge: Dodged            |     8 |    14 |    25 |    37 ||    84
